 Dungeon Crawl Stone Soup version 0.18.1-50-g88ac8fd (webtiles) character file.

83517 fhcty the Blocker (level 15, -3/98 HPs)
             Began as a Gargoyle Fighter on Oct 26, 2016.
             Was the Champion of the Shining One.
             Killed from afar by a merfolk aquamancer (19 damage)
             ... with a great wave of water
             ... on level 3 of the Shoals.
             The game lasted 01:28:21 (25687 turns).

fhcty the Blocker (Gargoyle Fighter)               Turns: 25687, Time: 01:28:21

Health: -3/98      AC: 39    Str: 25    XL:     15   Next: 77%
Magic:  33/33      EV:  8    Int: 12    God:    the Shining One [******]
Gold:   1547       SH: 26    Dex: 11    Spells: 1 memorised, 21 levels left

rFire  . . .     SeeInvis .     P - +2 war axe (chop)
rCold  . . .     Gourm    .     E - +0 plate armour (curse)
rNeg   + + +     Faith    .     c - +0 shield
rPois  ∞         Spirit   .     v - +0 helmet
rElec  +         Dismiss  .     u - +0 cloak (curse)
rCorr  .         Reflect  +     M - +2 pair of gloves
SustAt .         Harm     .     X - +4 pair of boots of Exclusion {MR+}
MR     ++...                    W - +3 amulet of reflection
Stlth  ..........               K - +2 ring of intelligence
                                H - ring of magical power

@: divine shield, flying, glowing, very resistant to hostile enchantments,
extremely unstealthy
A: big wings, agile 1, negative energy resistance 1, electricity resistance,
unbreathing, petrification resistance, rot immunity, AC +11
a: Stop Flying, Divine Shield, Cleansing Flame, Summon Divine Warrior, Brand
Weapon With Holy Wrath, Renounce Religion


You were on level 3 of the Shoals.
You worshipped the Shining One.
The Shining One was exalted by your worship.
You were very hungry.

You visited 5 branches of the dungeon, and saw 23 of its levels.

You collected 2050 gold pieces.
You spent 503 gold pieces at shops.

Inventory:

Hand Weapons
 N - a +3 flail of flaming
 P - a +2 war axe of chopping (weapon)
Armour
 c - a +0 shield (worn)
 u - a cursed +0 cloak (worn)
 v - a +0 helmet (worn)
 E - a cursed +0 plate armour (worn)
 M - a +2 pair of gloves (worn)
 R - a fire dragon hide
 X - the +4 pair of boots of Exclusion (worn) {MR+}
   (You bought it in a shop on level 2 of the Orcish Mines)

   It affects your resistance to hostile enchantments.
Jewellery
 F - an uncursed ring of fire
 H - a ring of magical power (left hand)
 K - a +2 ring of intelligence (right hand)
 W - a +3 amulet of reflection (around neck)
Wands
 y - a wand of lightning (12/15)
 B - a wand of paralysis (13/24)
 U - a wand of slowing (15/48)
 Y - a wand of enslavement (17/24)
 Z - a wand of iceblast (7/15)
Scrolls
 a - a scroll of blinking
 e - 4 scrolls of fear
 h - a scroll of recharging
 i - 4 scrolls of enchant weapon
 n - 3 scrolls of identify
 r - 3 scrolls of teleportation
 x - 2 scrolls of enchant armour
 A - 11 scrolls of remove curse
 I - 2 scrolls of amnesia
 V - a scroll of fog
Potions
 b - a potion of ambrosia
 d - a potion of heal wounds
 g - 3 potions of curing
 j - 2 potions of berserk rage
 k - 2 potions of brilliance
 q - a potion of agility
 J - 2 potions of magic
 Q - 2 potions of might
Books
 m - a book of Spatial Translocations

   Spells                             Type                      Level
   a - Apportation                    Translocation                1
   b - Blink                          Translocation                2
   c - Shroud of Golubria             Charms/Translocation         2
   d - Portal Projectile              Translocation                3
   e - Teleport Other                 Translocation                3
   f - Passage of Golubria            Translocation                4
 p - the Papyrus of the Cloudy Compass
   (You found it on level 1 of the Shoals)

   Spells                             Type                      Level
   a - Shroud of Golubria             Charms/Translocation         2
   b - Repel Missiles                 Charms/Air                   2
   c - Static Discharge               Conjuration/Air              3
   d - Recall                         Summoning/Translocation      3
 D - a book of the Earth

   Spells                             Type                      Level
   a - Leda's Liquefaction            Hexes/Earth                  4
   b - Bolt of Magma                  Conjuration/Fire/Earth       5
   c - Statue Form                    Transmutation/Earth          6
   d - Iron Shot                      Conjuration/Earth            6
   e - Shatter                        Earth                        9
 O - a book of the Dragon

   Spells                             Type                      Level
   a - Flame Tongue                   Conjuration/Fire             1
   b - Cause Fear                     Hexes                        4
   c - Bolt of Fire                   Conjuration/Fire             6
   d - Dragon Form                    Transmutation                7
   e - Dragon's Call                  Summoning                    9
 S - a book of Frost

   Spells                             Type                      Level
   a - Freeze                         Ice                          1
   b - Throw Frost                    Conjuration/Ice              2
   c - Ozocubu's Armour               Charms/Ice                   3
   d - Throw Icicle                   Conjuration/Ice              4
   e - Summon Ice Beast               Ice/Summoning                4
Miscellaneous
 T - a stone of tremors
Comestibles
 f - 13 bread rations
 o - 10 meat rations
 s - 17 fruits
 w - 2 slices of pizza
 z - 6 beef jerkies
 G - 22 royal jellies


   Skills:
 * Level 13.1 Fighting
 * Level 11.3 Axes
 * Level 13.0 Armour
 - Level 1.0 Dodging
 * Level 13.4 Shields
 + Level 4.7 Spellcasting
 * Level 5.8 Translocations
 * Level 12.1 Invocations
 - Level 2.0 Evocations


You had 21 spell levels left.
You knew the following spells:

 Your Spells              Type           Power        Failure   Level  Hunger
a - Blink                 Tloc           N/A          30%         2    ##.....


Dungeon Overview and Level Annotations

Branches:
Dungeon (9/15)             Temple (1/1) D:5            Lair (8/8) D:9
 Shoals (3/4) Lair:5        Snake (0/4) Lair:4        Slime (0/6) Lair:8
    Orc (2/2) D:9             Elf (0/3) Orc:2

Altars:
Ashenzari
Cheibriados
Dithmenos
Elyvilon
Fedhas
Gozag
Kikubaaqudgha
Makhleb
Nemelex Xobeh
Okawaru
Pakellas
Qazlal
Ru
Sif Muna
Trog
Vehumet
Xom
Yredelemnul
Zin
The Shining One
Jiyva

Shops:
D:8 :   D:9 [   Orc:2 }=([*

Annotations:
D:4 appiemonkey's ghost, amateur MiFi
D:8 Prince Ribbit


Innate Abilities, Weirdness & Mutations

You are resistant to torment.
Your stone body is resilient (AC +11).
You are immune to poison.
Your large and strong wings let you fly indefinitely.
You resist negative energy.
You are resistant to electric shocks.
You can survive without breathing.
You are immune to petrification.
You are immune to rotting.
You are agile. (Dex +2)


Message History

The great wave of water reflects off an invisible shield around you!
The great wave of water hits the merfolk aquamancer.
The merfolk aquamancer is knocked back by the great wave of water.
The merfolk aquamancer slams into the rock wall!
The wave splashes down.
You hear an angry hiss.
You hear a shout!
The merfolk aquamancer mumbles some strange words.
The merfolk aquamancer blinks!
The merfolk aquamancer casts a spell.
The merfolk aquamancer blinks!
Unknown command.
The merfolk aquamancer points at you and mumbles some strange words.
The great wave of water hits you! The Shining One protects you from harm!
You are knocked back by the great wave of water.
The wave splashes down.
You hear a shout! x2
The merfolk aquamancer gestures at you while chanting.
The great wave of water hits you!
You die...

≈≈≈≈≈≈
≈≈≈≈≈≈≈≈≈≈≈≈≈≈≈≈≈≈≈≈≈≈≈≈
≈≈≈≈≈≈≈≈≈≈≈≈≈≈≈≈≈≈≈≈≈≈≈≈
≈≈≈≈≈≈≈≈≈≈≈≈≈≈≈≈≈≈≈≈≈≈≈≈
≈≈≈≈≈≈≈≈≈≈≈≈.≈≈≈≈≈≈≈≈≈≈≈
≈≈≈≈≈≈≈≈≈≈≈...≈≈≈m≈≈(≈(≈
≈≈≈≈≈≈≈≈≈≈≈≈m..≈....≈.≈≈≈
≈≈≈≈≈≈...≈≈≈..≈≈.....(≈≈≈
≈≈≈≈≈..<@≈.≈≈≈m.m.m.≈..≈§
≈≈≈≈..###≈≈m.......≈≈..≈≈
≈≈≈≈≈. ##≈.......≈.##...
≈≈≈≈≈.####.........##....
≈≈≈≈≈≈.....##.###......}.
≈≈≈≈≈≈≈...##### ####..≈≈≈
≈≈≈≈≈≈≈≈...#..### #.....
≈≈≈≈≈≈≈≈≈....##.## #S...≈
≈≈≈≈≈≈≈≈≈≈...#...##...)..


You could see a merfolk impaler, a merfolk aquamancer and a merfolk.

Vanquished Creatures
  Frances (Shoals:1)
  A stone giant (Orc:2)
  Nessos (Lair:6)
  An ettin (Orc:2)
  Erolcha (D:8)
  A fire dragon (Lair:8)
  The ghost of appiemonkey the Protected, a journeyman DDFi of Makhleb (Orc:1)
  4 hydras
  A merfolk avatar (Shoals:1)
  4 ogre magi (Orc:2)
  A satyr (Shoals:1)
  8 death yaks
  An orc high priest (Orc:1)
  2 sea snakes (Shoals:2)
  An orc knight (Orc:1)
  Pikel (D:7)
  A lindwurm (Lair:8)
  5 harpies (Shoals:1)
  4 griffons
  An orc sorcerer (Orc:2)
  An oklob plant (Lair:8)
  A faun (Shoals:1)
  A manticore (Shoals:2)
  5 black mambas
  Psyche (D:8)
  22 elephants
  11 spiny frogs
  The ghost of ololoev the Vexing, a novice SpEn (D:7)
  3 rime drakes
  12 komodo dragons
  2 trolls (Orc:2)
  4 merfolk
  A harpy zombie (Shoals:1)
  11 two-headed ogres (Orc:2)
  8 polar bears (Lair:8)
  4 raiju (Lair:8)
  3 blink frogs (Lair:5)
  4 griffon zombies (Shoals:1)
  Sigmund (D:6)
  A water elemental (Shoals:3)
  3 spriggans (Lair:7)
  Eustachio (D:4)
  A wyvern (D:9)
  10 killer bees
  35 yaks
  5 humans (D:8)
  13 hippogriffs
  6 basilisks
  16 wargs
  3 mottled dragons (Lair:8)
  4 nagas (Lair:4)
  A soldier ant (D:9)
  18 water moccasins
  4 hell hounds (Lair:8)
  20 orc warriors
  3 sky beasts
  11 porcupines
  4 swamp drakes (Lair:8)
  11 ice beasts
  A slave (D:7)
  15 black bears
  29 ogres
  17 wolves
  2 wasps (D:9)
  3 phantoms
  2 centaurs
  16 crocodiles
  2 gnoll sergeants
  20 giant frogs
  A scorpion (D:7)
  A water moccasin skeleton (D:5)
  19 wights
  An electric eel (Lair:2)
  3 howler monkeys (D:9)
  A crimson imp (D:6)
  A quasit (D:9)
  A wasp zombie (D:9)
  3 giant frog zombies
  A centaur zombie (D:7)
  3 giant frog skeletons
  18 orc priests
  Crazy Yiuf (D:3)
  14 hounds
  3 jellies
  2 centaur skeletons
  8 iguanas
  25 orc wizards
  8 worker ants
  4 sheep (D:8)
  A giant frog simulacrum (D:9)
  A hound skeleton (D:9)
  12 gnolls
  A howler monkey skeleton (D:9)
  100 river rats
  16 adders
  3 shadow imps
  3 oozes
  3 adder zombies
  2 adder skeletons
  6 worms
  3 dart slugs
  5 giant geckos
  72 orcs
  3 ball pythons
  5 bats
  A bat zombie (Shoals:1)
  7 giant cockroaches
  7 hobgoblins
  20 jackals
  7 quokkas
  4 giant newts
  10 goblins
  10 kobolds
  A quokka skeleton (D:5)
  A quokka zombie (D:9)
  7 rats
  A bush (Lair:6)
  10 fungi
  30 plants
884 creatures vanquished.

Vanquished Creatures (others)
  A merfolk javelineer (Shoals:1)
  A yak (D:3)
  A slave (D:7)
  A giant frog (D:7)
  8 fungi
  26 plants
38 creatures vanquished.

Grand Total: 922 creatures vanquished

Notes
Turn   | Place    | Note
--------------------------------------------------------------
     0 | D:1      | fhcty the Gargoyle Fighter began the quest for the Orb.
     0 | D:1      | Reached XP level 1. HP: 14/14 MP: 1/1
   114 | D:1      | Reached XP level 2. HP: 16/19 MP: 2/2
  1012 | D:2      | Reached XP level 3. HP: 21/23 MP: 3/3
  1269 | D:2      | Found an opulent altar of Gozag.
  1375 | D:2      | Reached XP level 4. HP: 29/29 MP: 4/4
  1518 | D:2      | Found a faded altar to an unknown god.
  1945 | D:3      | Reached XP level 5. HP: 31/33 MP: 5/5
  2124 | D:3      | Found an oddly glowing altar of Pakellas.
  2124 | D:3      | Noticed an orange crystal statue
  2125 | D:3      | Noticed a yak
  2131 | D:3      | Killed a yak
  2561 | D:3      | Noticed Crazy Yiuf
  2565 | D:3      | Killed Crazy Yiuf
  2759 | D:4      | Noticed a phantom
  2759 | D:4      | Noticed appiemonkey's ghost (amateur MiFi)
  2807 | D:3      | Killed a phantom
  2807 | D:3      | Reached XP level 6. HP: 19/39 MP: 6/6
  3003 | D:4      | Noticed a phantom
  3033 | D:4      | Killed a phantom
  3033 | D:4      | Reached skill level 5 in Fighting
  3033 | D:4      | Reached skill level 5 in Armour
  3322 | D:4      | Reached XP level 7. HP: 41/44 MP: 7/7
  3562 | D:4      | Reached skill level 5 in Shields
  3926 | D:4      | Noticed Eustachio
  3951 | D:4      | Killed Eustachio
  4203 | D:5      | Entered Level 5 of the Dungeon
  4405 | D:5      | Reached skill level 1 in Dodging
  4543 | D:5      | Found a staircase to the Ecumenical Temple.
  4586 | Temple   | Entered the Ecumenical Temple
  4643 | Temple   | Became a worshipper of Elyvilon the Healer
  4818 | D:5      | Reached skill level 1 in Invocations
  4818 | D:5      | Reached XP level 8. HP: 28/51 MP: 8/8
  5063 | D:5      | Found a basalt altar of Yredelemnul.
  5064 | D:5      | Found a glowing golden altar of the Shining One.
  5818 | D:5      | Found a radiant altar of Vehumet.
  5818 | D:5      | Found a sparkling altar of Nemelex Xobeh.
  5838 | D:5      | Fell from the grace of Elyvilon
  5838 | D:5      | Became a worshipper of the Shining One
  6344 | D:6      | Noticed Sigmund
  6357 | D:6      | Killed Sigmund
  6357 | D:6      | Reached skill level 5 in Axes
  6437 | D:6      | Reached XP level 9. HP: 53/56 MP: 11/11
  6675 | D:6      | Reached * piety under the Shining One
  6939 | D:7      | Noticed ololoev's ghost (novice SpEn)
  6956 | D:7      | Killed ololoev's ghost
  7039 | D:7      | Noticed Pikel
  7053 | D:7      | Killed Pikel
  7081 | D:7      | Reached skill level 5 in Invocations
  7089 | D:7      | Reached XP level 10. HP: 40/64 MP: 13/13
  7322 | D:7      | Reached ** piety under the Shining One
  8355 | D:8      | Noticed Psyche
  8356 | D:8      | Paralysed by Psyche for 4 turns
  8432 | D:8      | Killed Psyche
  8517 | D:8      | Noticed Erolcha
  8708 | D:8      | Killed Erolcha
  8708 | D:8      | Reached XP level 11. HP: 46/69 MP: 16/16
  8733 | D:8      | Found Asokyg's Book Shop.
  9079 | D:8      | Noticed Prince Ribbit
  9379 | D:9      | Reached *** piety under the Shining One
  9630 | D:9      | Found a staircase to the Lair.
  9711 | D:9      | Found a blossoming altar of Fedhas.
  9878 | D:9      | Reached **** piety under the Shining One
 10475 | D:9      | Found Gyuxub's Antique Armour Emporium.
 10723 | D:9      | Found a staircase to the Orcish Mines.
 10832 | Lair:1   | Entered Level 1 of the Lair of Beasts
 10928 | Lair:1   | Reached ***** piety under the Shining One
 11173 | Lair:1   | Noticed an eight-headed hydra
 11502 | Lair:1   | HP: 3/72 [giant frog (4)]
 11833 | Lair:1   | Killed an eight-headed hydra
 11833 | Lair:1   | Reached skill level 10 in Fighting
 11833 | Lair:1   | Reached skill level 10 in Armour
 11833 | Lair:1   | Reached skill level 10 in Shields
 11836 | Lair:1   | Reached XP level 12. HP: 50/77 MP: 18/18
 12863 | Lair:2   | Noticed a seven-headed hydra
 12899 | Lair:2   | Killed a seven-headed hydra
 13241 | Lair:1   | Got a shimmering hand axe
 13242 | Lair:1   | Identified the +7 hand axe of Ipaomapt {drain, rPois Str-2 SInv Stlth+} (You found it on level 1 of the Lair of Beasts)
 14449 | Lair:4   | Reached skill level 1 in Evocations
 14507 | Lair:4   | Found a basalt altar of Yredelemnul.
 14571 | Lair:4   | Reached skill level 1 in Spellcasting
 14616 | Lair:4   | Found a staircase to the Snake Pit.
 14651 | Lair:4   | Reached XP level 13. HP: 80/84 MP: 20/20
 15022 | Lair:5   | Found a staircase to the Shoals.
 15387 | Lair:5   | You fall through a shaft for 3 floors!
 15387 | Lair:8   | Entered Level 8 of the Lair of Beasts
 15399 | Lair:8   | Found a staircase to the Slime Pits.
 15399 | Lair:8   | Found a viscous altar of Jiyva.
 15740 | Lair:7   | Learned a level 2 spell: Blink
 16341 | Lair:7   | Reached skill level 10 in Invocations
 17285 | Lair:6   | Reached skill level 10 in Axes
 17285 | Lair:6   | Reached skill level 1 in Translocations
 17775 | Lair:6   | Noticed Nessos
 17828 | Lair:6   | Killed Nessos
 18456 | Lair:8   | Gained mutation: Your large and strong wings let you fly indefinitely. [Gargoyle growth]
 18456 | Lair:8   | Reached XP level 14. HP: 91/91 MP: 21/21
 21749 | Orc:1    | Entered Level 1 of the Orcish Mines
 21964 | Orc:2    | Entered Level 2 of the Orcish Mines
 21964 | Orc:2    | Found Etohakuq's Gadget Emporium.
 22132 | Orc:2    | Reached XP level 15. HP: 89/97 MP: 23/23
 22155 | Orc:2    | Found a staircase to the Elven Halls.
 22240 | Orc:2    | Found Wiaceh's Antique Weapon Shoppe.
 22240 | Orc:2    | Found Xaake's General Store.
 22240 | Orc:2    | Found Biuteamp's Jewellery Shop.
 22240 | Orc:2    | Found Efopott's Antique Armour Shoppe.
 22241 | Orc:2    | Reached ****** piety under the Shining One
 22291 | Orc:2    | Reached skill level 5 in Translocations
 22461 | Orc:2    | Bought a +3 amulet of reflection for 275 gold pieces
 22464 | Orc:2    | Bought a pair of faintly humming boots for 228 gold pieces
 22474 | Orc:2    | Identified the +4 pair of boots of Exclusion {MR+} (You bought it in a shop on level 2 of the Orcish Mines)
 23511 | Orc:1    | Noticed appiemonkey's ghost (journeyman DDFi)
 23542 | Orc:1    | Killed appiemonkey's ghost
 24189 | Shoals:1 | Entered Level 1 of the Shoals
 24209 | Shoals:1 | Noticed Frances
 24244 | Shoals:1 | Killed Frances
 24301 | Shoals:1 | Identified the Papyrus of the Cloudy Compass
 24687 | Shoals:1 | Gained mutation: You are agile. (Dex +2) [potion of beneficial mutation]
 25686 | Shoals:3 | The Shining One protects you from harm!
 25687 | Shoals:3 | Killed from afar by a merfolk aquamancer

Skill      XL: |  1  2  3  4  5  6  7  8  9 10 11 12 13 14 15 |
---------------+----------------------------------------------+-----
Axes           | 2 3 4 5 6 7 8 9 10 11 | 11.3
Armour         | 4 5 6 7 8 10 11 12 13 | 13.0
Fighting       | 4 5 6 7 8 10 11 12 13 | 13.1
Shields        | 4 5 6 7 8 10 11 12 13 | 13.4
Dodging        | 1 |  1.0
Invocations    | 1 3 5 6 8 9 10 11 12 | 12.1
Evocations     | 1 2 |  2.0
Spellcasting   | 1 2 3 4 |  4.7
Translocations | 1 4 5 |  5.8

Action                   |  1- 3 |  4- 6 |  7- 9 | 10-12 | 13-15 || total
-------------------------+-------+-------+-------+-------+-------++-------
Melee: War axe           |   129 |   254 |   355 |   943 |  1289 ||  2970
       Unarmed           |       |       |    15 |       |       ||    15
       Flail             |       |       |       |    52 |    19 ||    71
Invok: Divine Shield     |       |       |       |     3 |     8 ||    11
       Cleansing Flame   |       |       |       |       |     1 ||     1
 Abil: Fly               |       |       |       |       |     1 ||     1
  Use: Scroll            |       |     3 |     3 |    16 |    13 ||    35
       Potion            |       |       |       |     2 |     1 ||     3
 Stab: Confused          |       |       |     2 |       |       ||     2
  Eat: Chunk             |     2 |     5 |    10 |    26 |    36 ||    79
       Meat ration       |       |     1 |       |       |       ||     1
       Fruit             |       |       |       |     1 |     1 ||     2
Armor: Scale mail        |    84 |   150 |   215 |    61 |       ||   510
       Skin              |       |       |    15 |       |       ||    15
       Plate armour      |       |       |       |   707 |  1247 ||  1954
Dodge: Dodged            |    44 |    71 |   199 |   278 |   418 ||  1010
Block: Shield            |    67 |   147 |   244 |   704 |  1263 ||  2425
       Reflection        |       |       |       |       |    18 ||    18
